Map: Jagannatha LE

Players

Muffinman - Winner!

  • Race: Terran Terran
  • League: Diamond
  • Spawn Location: 7:00

DLCFocesTTV

  • Race: Zerg Zerg
  • League: Platinum
  • Spawn Location: 1:00

VOD

Have the link to the VOD?

Description

Time

  • Played on: Nov. 4, 2020, 7:02 p.m.
  • Length: 21:57
Show
View Real Time Build Order
Export as new Build Order

Muffinman Terran - Winner!

Build Orders: Mech 

Get SALT Encoding   

  12  0:00  SCV  
  13  0:12  SCV  
  14  0:18  Supply Depot  
  14  0:24  SCV  
  15  0:40  SCV  
  16  0:42  Barracks  
  16  0:55  SCV  
  17  1:00  Refinery  
  17  1:07  SCV  
  18  1:20  SCV  
  19  1:31  Marine  
  20  1:34  Orbital Command  
  20  1:47  Command Center  
  20  1:50  Marine  
  21  2:00  SCV  
  22  2:08  Factory  
  22  2:14  SCV  
  23  2:22  Supply Depot  
  23  2:27  Bunker  
  23  2:34  Refinery  
  23  2:35  SCV  
  23  2:39  Barracks Reactor  
  23  2:57  Starport  
  23  3:01  Orbital Command  
  23  3:02  Refinery  
  23  3:07  Hellion  
  23  3:09  SCV  
  26  3:21  SCV  
  27  3:32  SCV  
  27  3:33  SCV  
  29  3:46  Hellion x2  
  33  3:53  Starport Tech Lab  
  33  3:57  SCV  
  33  3:58  SCV, Fusion Core  
  33  4:00  Marine  
  36  4:05  Supply Depot  
  36  4:09  SCV  
  37  4:18  Starport, Marine  
  38  4:25  SCV  
  38  4:26  SCV  
  40  4:36  Hellion  
  40  4:38  SCV  
  43  4:43  Supply Depot  
  43  4:46  Battlecruiser  
  51  4:55  Starport Tech Lab  
  49  5:00  Refinery  
  49  5:07  Barracks Tech Lab  
  49  5:18  Battlecruiser  
  49  5:20  SCV x2  
  57  5:32  SCV x2  
  59  5:42  Weapon Refit  
  59  5:44  SCV  
  60  5:51  Supply Depot  
  60  6:13  Siege Tank  
  60  6:14  SCV x2  
  65  6:19  Command Center  
  65  6:26  SCV x2  
  67  6:45  Siege Tank  
  62  7:17  Siege Tank  
  62  7:19  Factory x2  
  62  7:21  Factory  
  62  7:22  Armory  
  65  7:23  Armory  
  65  7:37  Supply Depot x2  
  65  7:40  Engineering Bay, Orbital Command  
  65  7:54  Siege Tank  
  65  7:55  Banshee  
  65  7:57  Banshee  
  74  7:58  Cloaking Field  
  74  8:05  SCV x3  
  77  8:11  Missile Turret x2  
  77  8:14  Missile Turret  
  77  8:20  Factory Reactor x2  
  77  8:21  Factory Tech Lab  
  77  8:30  Missile Turret x2  
  77  8:33  SCV x2  
  79  8:42  Supply Depot  
  79  8:49  Mag-Field Accelerator  
  79  8:50  Infernal Pre-Igniter  
  79  8:54  Cyclone x2  
  85  8:57  Hellion  
  85  8:58  Hellion x2  
  85  8:59  Hellion  
  93  9:19  Widow Mine x3  
  99  9:41  Supply Depot  
  99  9:42  Terran Vehicle And Ship Armor Level 1  
  99  9:43  Terran Vehicle Weapons Level 1  
  99  9:44  Supply Depot x2  
  99  9:45  Supply Depot x2  
  99  9:49  Orbital Command  
  99  9:50  SCV x2  
  101  10:08  SCV x2  
  101  10:11  Command Center  
  103  10:20  SCV x2  
  105  10:29  SCV  
  105  10:32  SCV x2  
  108  10:36  Refinery, Missile Turret  
  108  10:38  Refinery  
  108  10:41  SCV  
  109  10:44  Command Center  
  109  10:47  Missile Turret, Hi-Sec Auto Tracking  
  109  10:48  Missile Turret  
  109  10:49  Missile Turret  
  109  10:53  Hellion, Missile Turret  
  111  11:05  SCV x3  
  111  11:06  Missile Turret  
  111  11:07  Missile Turret  
  111  11:09  Missile Turret  
  110  11:17  SCV, Siege Tank x2  
  117  11:22  Factory  
  117  11:31  Factory  
  117  11:34  Factory  
  117  11:36  Missile Turret  
  117  11:37  Terran Vehicle And Ship Armor Level 2  
  117  11:40  Terran Vehicle Weapons Level 2, Missile Turret  
  117  11:41  Missile Turret  
  117  11:49  Siege Tank  
  120  11:54  Orbital Command  
  120  11:57  Planetary Fortress  
  120  12:00  Supply Depot  
  120  12:01  Hellion x3  
  120  12:02  Hellion  
  120  12:10  Missile Turret  
  120  12:11  Missile Turret  
  120  12:12  SCV  
  120  12:13  SCV  
  122  12:22  Supply Depot  
  120  12:43  Siege Tank  
  123  12:45  Supply Depot  
  123  12:46  Factory Reactor  
  123  12:49  Factory Tech Lab x2  
  123  12:50  Widow Mine x2  
  123  12:51  Widow Mine x3  
  133  13:12  Hellion x3, Siege Tank  
  142  13:15  Thor  
  148  13:25  Hellion x3  
  148  13:26  Cyclone  
  157  13:30  Missile Turret  
  157  13:32  Missile Turret  
  157  13:34  Missile Turret  
  157  13:44  Hellion  
  157  13:45  Hellion x2  
  157  13:46  Drilling Claws  
  157  13:47  Smart Servos  
  163  13:55  Command Center, Missile Turret  
  119  14:29  SCV  
  119  14:30  SCV x3  
  120  14:36  Widow Mine x7  
  120  14:37  Missile Turret, Widow Mine x2  
  138  14:41  SCV  
  138  14:42  SCV  
  143  14:57  Missile Turret  
  143  15:05  Refinery  
  143  15:10  Refinery  
  143  15:13  Missile Turret  
  143  15:15  Missile Turret  
  143  15:17  Missile Turret  
  143  15:23  SCV x3, Missile Turret  
  143  15:24  Orbital Command  
  146  15:37  Missile Turret  
  146  15:46  Terran Vehicle Weapons Level 3, Terran Vehicle And Ship Armor Level 3  
  146  15:49  Hellion x3, Widow Mine x2  
  162  15:50  Hellion x3  
  158  16:24  Missile Turret  
  147  16:28  Missile Turret  
  147  16:29  Missile Turret  
  132  16:37  SCV  
  132  16:38  SCV x3  
  136  16:42  Hellion x5  
  136  16:43  Widow Mine x3  
  136  16:44  Cyclone  
  151  17:04  Cyclone x2  
  155  17:16  Hellion x5  
  155  17:17  SCV x3, Hellion  
  170  17:26  Command Center  
  170  17:36  Neosteel Armor  
  170  17:46  Command Center  
  162  18:35  Liberator x2  
  162  19:01  Refinery, Command Center  
  162  19:02  Missile Turret  
  162  19:03  Refinery  
  162  19:05  Missile Turret  
  162  19:06  Missile Turret  
  162  19:07  Missile Turret x3  
  162  19:09  Missile Turret  
  162  19:10  Missile Turret  
  162  19:11  Supply Depot  
  162  19:13  Supply Depot  
  162  19:14  Supply Depot  
  162  19:15  Sensor Tower  
  162  19:23  Missile Turret  
  162  19:25  Missile Turret  
  162  19:40  Planetary Fortress  
  162  19:48  Cyclone x3  
  162  19:49  Hellion x5  
  162  19:50  Hellion  
  177  20:20  Cyclone x3  
  172  20:23  Hellion x5  
  172  20:24  Hellion  
  165  20:44  Hellion, Planetary Fortress  
  165  20:45  Hellion x5  
  177  20:52  Hellion x2, Thor  
  183  21:06  Hellion x6  
  192  21:13  Hellion, Cyclone  
  179  21:27  Hellion x2  
  179  21:29  Command Center  
Show
View Real Time Build Order
Export as new Build Order

DLCFocesTTV Zerg 

Build Orders: Hatch First, Muta Ling Bane 

Get SALT Encoding   

  12  0:00  Drone  
  13  0:12  Overlord  
  13  0:18  Drone  
  14  0:31  Drone x2  
  16  0:55  Drone  
  17  0:57  Hatchery  
  17  0:58  Drone  
  17  1:01  Drone  
  18  1:11  Extractor  
  18  1:17  Spawning Pool  
  16  1:20  Drone  
  16  1:24  Drone  
  18  1:30  Drone  
  19  1:40  Overlord  
  19  2:07  Zergling x4  
  21  2:09  Queen x2  
  25  2:16  Drone x2  
  27  2:34  Metabolic Boost  
  27  2:44  Drone  
  27  2:46  Hatchery  
  27  2:48  Extractor  
  27  2:49  Drone  
  27  2:50  Drone  
  28  2:54  Overlord  
  28  3:12  Queen  
  30  3:13  Overlord  
  30  3:15  Drone x2  
  30  3:42  Queen  
  32  3:51  Drone x5  
  32  3:53  Zergling x8  
  41  4:02  Baneling Nest  
  40  4:17  Queen  
  42  4:28  Spore Crawler  
  42  4:31  Spore Crawler, Queen  
  42  4:37  Overlord x2  
  42  5:02  Drone x4  
  42  5:03  Drone  
  42  5:04  Drone x6  
  53  5:12  Zergling x6  
  56  5:20  Lair  
  56  5:29  Drone x2  
  56  5:33  Spore Crawler  
  56  5:34  Overlord x2  
  57  5:54  Baneling x3  
  57  5:56  Drone x3  
  55  6:23  Spire  
  53  6:45  Zergling x16  
  53  6:46  Zergling x2  
  59  6:58  Drone  
  59  6:59  Drone x2  
  58  7:12  Drone  
  58  7:13  Drone x2  
  61  7:19  Extractor  
  61  7:21  Extractor  
  59  7:27  Baneling x7  
  59  7:28  Baneling x18  
  59  7:31  Centrifical Hooks  
  59  7:34  Drone x3  
  59  7:35  Drone  
  59  7:36  Drone x2  
  65  7:37  Overlord x3  
  61  8:01  Corruptor  
  61  8:02  Corruptor x4  
  71  8:08  Drone  
  71  8:09  Drone x6  
  78  8:28  Zergling x14  
  78  8:31  Zerg Flyer Armor Level 1  
  85  8:38  Drone  
  85  8:39  Drone x3  
  89  8:41  Evolution Chamber  
  89  8:42  Evolution Chamber  
  87  8:58  Zergling x2  
  87  8:59  Zergling x2  
  89  9:04  Hatchery  
  88  9:19  Corruptor  
  88  9:20  Corruptor  
  86  9:34  Mutalisk  
  86  9:37  Overlord x15  
  88  9:42  Zerg Melee Weapons Level 1  
  88  9:44  Zerg Ground Armor Level 1  
  88  9:52  Drone  
  86  10:10  Overseer  
  86  10:15  Mutalisk  
  86  10:16  Mutalisk x5  
  98  10:29  Mutalisk x2  
  102  10:48  Drone x3  
  105  10:58  Zergling x2  
  105  10:59  Zergling x34  
  119  11:18  Mutalisk  
  119  11:19  Mutalisk x3  
  127  11:34  Extractor  
  127  11:35  Extractor  
  127  11:37  Drone x4  
  129  11:41  Drone x3  
  129  11:42  Drone  
  129  11:43  Drone x2  
  135  12:03  Zerg Flyer Armor Level 2  
  135  12:05  Corruptor  
  135  12:07  Corruptor  
  139  12:09  Zergling x2  
  139  12:10  Zergling x20  
  123  12:37  Zergling x2  
  123  12:38  Zergling x24  
  136  12:47  Drone x5  
  141  13:01  Hatchery  
  138  13:09  Zergling x16  
  138  13:10  Zergling x4  
  138  13:12  Baneling  
  148  13:13  Baneling x4  
  148  13:14  Baneling x21  
  148  13:16  Zergling x2  
  148  13:17  Zergling x8  
  153  13:23  Lair  
  153  13:32  Overseer  
  153  13:33  Overseer  
  153  13:52  Zergling x2  
  153  13:53  Zergling x34  
  171  13:56  Hatchery  
  103  14:27  Zergling x22  
  103  14:28  Zergling x14  
  103  14:29  Baneling  
  103  14:30  Baneling x7  
  121  14:40  Zergling x14  
  126  14:55  Zerg Melee Weapons Level 2  
  126  14:56  Zerg Ground Armor Level 2  
  126  14:58  Drone x2  
  126  14:59  Drone x2  
  130  15:05  Mutalisk x2  
  130  15:06  Mutalisk x7  
  148  15:10  Baneling  
  148  15:11  Baneling x5  
  148  15:35  Mutalisk  
  148  15:36  Mutalisk x2  
  154  15:54  Spore Crawler  
  143  16:12  Zergling x20  
  143  16:13  Zergling x30  
  108  16:35  Zergling x2  
  108  16:36  Zergling x22  
  115  16:41  Baneling  
  115  16:42  Baneling x7  
  108  16:48  Corruptor  
  108  16:49  Corruptor x6  
  119  16:59  Zergling x2  
  119  17:00  Zergling x22  
  130  17:15  Zergling x2  
  128  17:16  Zergling x12  
  134  17:32  Hatchery  
  133  17:46  Zerg Missile Weapons Level 1  
  133  17:59  Infestation Pit  
  127  18:17  Zergling x2  
  127  18:18  Zergling x44  
  127  18:19  Zergling x12  
  146  18:22  Hatchery  
  145  18:45  Corruptor x6  
  145  18:46  Corruptor x6  
  145  18:48  Zergling x14  
  165  19:18  Extractor  
  165  19:19  Extractor  
  165  19:22  Extractor  
  165  19:23  Extractor  
  161  19:25  Hive  
  161  19:27  Zergling x2  
  161  19:28  Zergling x34  
  175  19:36  Overlord  
  175  19:37  Overlord x3  
  175  19:39  Overseer x2  
  175  19:40  Overseer  
  167  20:01  Drone x13  
  137  20:29  Zergling x2  
  137  20:30  Zergling x22  
  148  20:42  Zergling x2  
  148  20:43  Zergling x10  
  144  20:57  Pneumatized Carapace  
  144  21:01  Zergling x2, Swarm Host  
  144  21:02  Zergling x14  
  136  21:15  Drone  
  136  21:16  Drone x4  
  122  21:42  Hatchery  
  122  21:43  Hatchery  
Tags
 
Add a new tag
Caveats
  • Supply blocks, unpowered buildings, or Contaminate may cause inaccurate times.
  • Supply counts are checked every 10 seconds.